Map: Inside and Out

Players

Oliveira

  • Race: Terran Terran
  • League: Grandmaster
  • Spawn Location: 7:00

Maru - Winner!

  • Race: Terran Terran
  • League: Master
  • Spawn Location: 1:00

VOD

Have the link to the VOD?

Description

Time

  • Played on: Oct. 20, 2022, 7:27 a.m.
  • Length: 2:30
Show
View Real Time Build Order
Export as new Build Order

Oliveira Terran 

Build Orders: Gas First Reaper Expand 

Get SALT Encoding   

  12  0:00  SCV  
  13  0:12  SCV  
  14  0:17  Supply Depot  
  14  0:25  SCV  
  14  0:28  Refinery  
  15  0:38  SCV  
  16  0:44  Barracks  
  16  0:50  SCV  
  17  1:03  SCV  
  18  1:15  SCV  
  19  1:32  Reaper, Orbital Command  
  20  1:41  Command Center  
  20  1:52  Factory  
  20  1:58  SCV  
  21  2:01  Refinery  
  21  2:05  Barracks Reactor  
  21  2:10  SCV  
  21  2:14  Supply Depot  
Show
View Real Time Build Order
Export as new Build Order

Maru Terran - Winner!

Build Orders:  

Get SALT Encoding   

  12  0:00  SCV  
  13  0:15  Supply Depot  
  13  0:17  SCV  
  14  0:37  Barracks  
  14  0:40  Refinery  
  14  0:54  Barracks  
  14  0:58  SCV  
  15  1:10  SCV  
  16  1:24  Reaper, Orbital Command  
  17  1:32  Refinery  
  17  1:42  Reaper  
  18  1:49  SCV  
  19  1:56  Supply Depot  
  20  2:01  SCV  
  21  2:13  SCV  
Tags
 
Add a new tag
Caveats
  • Supply blocks, unpowered buildings, or Contaminate may cause inaccurate times.
  • Supply counts are checked every 10 seconds.